Map: Blackpink LE

Players

DnS

  • Race: Protoss Protoss
  • Spawn Location: 1:00

Bly - Winner!

  • Race: Zerg Zerg
  • Spawn Location: 7:00

Event: IEM Season 12 - Katowice

VOD

Have the link to the VOD?

Description

Time

  • Played on: Feb. 26, 2018, 6:36 a.m.
  • Length: 14:03

All games in this series

Show
View Real Time Build Order
Export as new Build Order

DnS Protoss 

Build Orders: 1 Gate Expand, Oracle Opening, Phoenix Opening, Chargelot Immortal 

Get SALT Encoding   

  12  0:00  Probe  
  13  0:12  Probe  
  14  0:19  Pylon  
  14  0:24  Probe  
  15  0:37  Probe (Chrono Boost)  
  15  0:40  Gateway  
  16  0:47  Probe (Chrono Boost), Assimilator  
  17  0:52  Probe (Chrono Boost)  
  18  1:04  Probe  
  19  1:16  Probe  
  20  1:23  Nexus  
  20  1:32  Cybernetics Core  
  20  1:35  Probe  
  21  1:40  Assimilator  
  21  1:47  Probe  
  21  1:50  Pylon  
  22  1:59  Probe  
  23  2:07  Adept (Chrono Boost)  
  23  2:11  Probe  
  26  2:19  Stargate  
  26  2:23  Probe  
  26  2:25  Adept (Chrono Boost)  
  29  2:33  Warp Gate  
  29  2:36  Probe (Chrono Boost)  
  31  2:41  Probe (Chrono Boost)  
  31  2:44  Adept  
  31  2:45  Probe (Chrono Boost)  
  31  2:49  Probe (Chrono Boost)  
  31  2:50  Probe (Chrono Boost)  
  36  3:00  Probe  
  36  3:02  Probe, Phoenix  
  40  3:12  Probe  
  41  3:13  Gateway  
  41  3:14  Probe  
  42  3:24  Adept, Probe  
  42  3:26  Probe  
  46  3:43  Pylon, Gateway  
  46  3:45  Twilight Council  
  46  3:58  Oracle (Chrono Boost)  
  46  4:01  Probe x2  
  51  4:04  Pylon  
  51  4:11  Pylon  
  51  4:13  Probe x2  
  53  4:17  Assimilator  
  53  4:18  Resonating Glaives (Chrono Boost)  
  53  4:20  Robotics Facility  
  53  4:25  Probe x2  
  55  4:37  Probe x2  
  57  4:39  Adept x3  
  57  4:44  Pylon  
  63  4:49  Probe  
  64  4:54  Pylon, Nexus  
  64  5:01  Adept x3  
  66  5:18  Probe  
  66  5:19  Warp Prism  
  61  5:22  Adept x3  
  61  5:24  Probe  
  61  5:27  Pylon  
  68  5:29  Assimilator  
  68  5:31  Probe  
  69  5:36  Probe  
  69  5:43  Adept x3  
  69  5:45  Probe  
  69  5:49  Probe  
  77  5:57  Probe  
  78  6:00  Observer (Chrono Boost)  
  78  6:01  Probe  
  78  6:03  Forge  
  78  6:04  Sentry x3  
  84  6:09  Probe x2  
  88  6:13  Probe  
  89  6:19  Immortal (Chrono Boost)  
  89  6:22  Gateway  
  89  6:23  Gateway  
  85  6:28  Probe  
  85  6:30  Probe x2  
  85  6:31  Protoss Ground Weapons Level 1 (Chrono Boost)  
  88  6:39  Charge  
  84  6:41  Probe, Assimilator  
  84  6:42  Probe x2  
  81  6:47  Adept x3  
  81  6:52  Assimilator  
  81  6:53  Probe  
  81  6:54  Probe, Templar Archives  
  89  7:02  Probe  
  89  7:04  Immortal (Chrono Boost)  
  89  7:05  Probe  
  89  7:06  Probe  
  96  7:12  Gateway  
  96  7:13  Psionic Storm, Gateway  
  96  7:14  Probe  
  97  7:17  Probe  
  96  7:23  Probe  
  96  7:26  Robotics Facility  
  97  7:31  Pylon  
  97  7:32  Photon Cannon  
  97  7:35  Gateway  
  97  7:38  High Templar x2  
  97  7:39  Pylon  
  97  7:40  Photon Cannon  
  101  7:46  Immortal  
  105  7:53  High Templar  
  105  7:56  Photon Cannon  
  105  7:57  Shield Battery  
  105  7:58  Pylon  
  107  8:01  Zealot  
  107  8:03  High Templar  
  111  8:12  Zealot  
  113  8:13  Immortal (Chrono Boost)  
  113  8:19  Zealot x2, High Templar  
  123  8:24  Protoss Ground Weapons Level 2 (Chrono Boost)  
  123  8:32  Photon Cannon x2  
  127  8:36  Immortal (Chrono Boost)  
  125  8:53  Oracle  
  127  8:55  Immortal  
  127  9:01  Nexus  
  127  9:02  Pylon  
  127  9:05  Pylon  
  127  9:07  Zealot, High Templar x2  
  133  9:11  Archon  
  133  9:12  Pylon x2  
  133  9:15  Pylon  
  133  9:17  Pylon  
  135  9:35  Zealot x5  
  135  9:36  Zealot  
  145  9:39  Zealot x3  
  131  9:49  Pylon  
  131  9:51  Immortal (Chrono Boost)  
  127  9:53  Gateway x2  
  127  9:57  Observer (Chrono Boost)  
  127  9:59  Probe x2  
  125  10:06  High Templar x4  
  125  10:07  Zealot x2  
  135  10:10  Archon  
  135  10:11  Archon  
  135  10:12  Pylon x2  
  137  10:15  Immortal (Chrono Boost)  
  137  10:18  Photon Cannon  
  137  10:19  Pylon  
  137  10:21  Photon Cannon  
  141  10:22  Gateway  
  141  10:23  Photon Cannon  
  141  10:25  Photon Cannon  
  141  10:27  Photon Cannon  
  133  10:33  Immortal  
  134  10:43  Zealot  
  134  10:48  High Templar x2  
  134  10:49  Zealot  
  142  10:50  Zealot x4  
  142  10:53  Archon  
  142  10:55  Probe x4  
  154  11:07  Probe x2  
  154  11:09  Probe  
  148  11:19  Zealot x3  
  148  11:20  Probe x2  
  148  11:21  Zealot x3  
  148  11:24  Observer  
  128  11:33  Zealot x3  
  128  11:34  Zealot  
  130  11:45  Zealot x2, Observer  
  130  11:46  Zealot x3  
  136  11:54  Probe x2  
  130  12:01  Zealot x2  
  118  12:09  Zealot x4  
  116  12:19  Pylon  
  106  12:26  Zealot x2  
  104  12:34  High Templar x3  
  110  12:44  Probe x2  
  99  12:51  Zealot x2  
  99  12:52  Zealot, Immortal  
  99  12:54  Probe  
  99  12:56  Probe  
  99  12:58  Pylon  
  105  13:09  Gateway  
  105  13:11  Gateway  
  105  13:13  High Templar  
  105  13:14  High Templar x4  
  105  13:15  High Templar  
  105  13:18  Archon x2  
  105  13:19  Archon  
  111  13:32  Observer (Chrono Boost)  
  104  13:38  Archon x2  
  68  13:47  Zealot x3  
  68  13:48  Zealot x2  
Show
View Real Time Build Order
Export as new Build Order

Bly Zerg - Winner!

Build Orders: Hatch First, Lurkers 

Get SALT Encoding   

  12  0:01  Drone  
  13  0:12  Overlord  
  13  0:17  Drone  
  14  0:31  Drone x2  
  16  0:47  Hatchery  
  15  0:51  Drone  
  15  0:55  Drone  
  17  0:58  Drone  
  17  1:02  Extractor  
  17  1:15  Spawning Pool  
  17  1:16  Drone  
  17  1:20  Drone  
  18  1:28  Drone  
  19  1:39  Overlord  
  19  1:49  Drone  
  20  2:01  Queen x2  
  20  2:02  Zergling x4  
  26  2:15  Metabolic Boost  
  26  2:17  Drone x2  
  28  2:30  Drone  
  28  2:31  Drone  
  30  2:38  Drone  
  30  2:43  Hatchery  
  30  2:50  Drone x2  
  30  2:51  Overlord  
  31  2:58  Queen  
  33  3:05  Zergling x2  
  33  3:06  Zergling x4  
  35  3:22  Overlord  
  35  3:23  Drone x4  
  35  3:26  Drone  
  40  3:32  Overlord  
  40  3:40  Drone  
  40  3:42  Drone x3  
  40  3:46  Drone  
  44  3:55  Lair  
  42  3:56  Drone x4  
  42  4:02  Drone x2  
  48  4:06  Extractor  
  48  4:07  Queen, Extractor  
  48  4:12  Overlord  
  48  4:14  Drone x3  
  48  4:16  Drone x3  
  54  4:24  Overlord  
  54  4:34  Zergling x2  
  54  4:35  Zergling x10  
  60  4:40  Zergling x6  
  63  4:50  Zergling x8  
  67  4:55  Hydralisk Den  
  67  4:56  Extractor  
  65  5:01  Zergling x6  
  63  5:17  Drone  
  63  5:18  Drone x12  
  72  5:25  Muscular Augments  
  72  5:27  Overlord x2  
  72  5:29  Evolution Chamber, Overlord  
  71  5:44  Hydralisk  
  71  5:46  Hydralisk x2  
  76  5:52  Baneling Nest  
  76  5:53  Zergling x2  
  76  5:54  Zergling x4  
  78  6:02  Zergling x16  
  86  6:04  Zerg Missile Weapons Level 1  
  86  6:16  Hydralisk x4  
  85  6:22  Hydralisk  
  79  6:31  Hydralisk  
  79  6:32  Hydralisk x5  
  81  6:41  Hydralisk  
  81  6:42  Hydralisk  
  81  6:45  Drone  
  81  6:46  Drone  
  84  6:49  Drone  
  84  6:50  Drone  
  84  7:04  Drone  
  84  7:05  Drone x7  
  91  7:12  Drone x3  
  89  7:24  Drone  
  89  7:25  Drone x7  
  97  7:36  Overseer  
  97  7:38  Overlord  
  97  7:39  Extractor  
  97  7:40  Extractor  
  95  7:51  Lurker Den, Hatchery  
  95  7:52  Drone x4  
  97  7:59  Overlord x2  
  97  8:09  Zerg Missile Weapons Level 2  
  97  8:11  Drone x2  
  97  8:12  Drone x4  
  103  8:13  Drone x2  
  103  8:14  Drone  
  106  8:25  Hydralisk x7  
  106  8:26  Hydralisk  
  120  8:48  Drone x8  
  122  8:59  Overlord x5  
  122  9:06  Overlord x2  
  122  9:07  Overlord x4  
  122  9:11  Grooved Spines  
  121  9:25  Hydralisk x7  
  135  9:41  Lurker x4  
  137  9:48  Lurker x4  
  133  10:03  Hydralisk  
  133  10:04  Extractor x2, Hydralisk x4  
  139  10:07  Zergling x2  
  139  10:08  Zergling x28  
  154  10:14  Overlord  
  154  10:25  Zerg Melee Weapons Level 1  
  152  10:33  Hatchery  
  143  10:45  Hydralisk x12  
  167  10:50  Drone x3  
  167  10:51  Drone x3  
  156  11:13  Hydralisk x7  
  156  11:14  Hydralisk  
  170  11:25  Hydralisk x6  
  154  11:34  Hydralisk x4  
  154  11:35  Zergling x10  
  167  11:46  Zergling x6  
  167  11:47  Zergling x10  
  158  12:04  Hydralisk x9  
  155  12:15  Hydralisk x5  
  153  12:17  Zergling x4  
  153  12:18  Zergling x2  
  153  12:21  Drone, Overlord  
  166  12:25  Hydralisk x2  
  166  12:27  Zergling x2  
  161  12:40  Hydralisk x6  
  173  12:56  Lurker x3  
  173  12:57  Lurker x3  
  173  13:05  Zergling x24  
  175  13:06  Spire  
  175  13:11  Overseer  
  175  13:12  Overseer  

Tags
 
Add a new tag
Caveats
  • Supply blocks, unpowered buildings, or Contaminate may cause inaccurate times.
  • Supply counts are checked every 10 seconds.